 Dungeon Crawl Stone Soup version 0.23.0-28-g6fe0f4dc8b (webtiles) character file.

Game seed: 15852219268353693628

459525 PikkenKukken the Acrobat (level 25, -13/169 HPs)
             Began as a Kobold Gladiator on Feb 23, 2019.
             Was the Champion of Dithmenos.
             Killed from afar by a fire giant (37 damage)
             ... with a fireball
             ... on level 3 of the Depths on Feb 25, 2019.
             The game lasted 05:56:44 (89976 turns).

PikkenKukken the Acrobat (Kobold Gladiator)        Turns: 89976, Time: 05:56:45

Health: -13/169    AC: 34    Str: 15    XL:     25   Next: 67%
Magic:  29/32      EV: 38    Int: 17    God:    Dithmenos [******]
Gold:   3164       SH:  7    Dex: 24    Spells: 24/36 levels left

rFire    . . .     SeeInvis +   a - +8 dagger "Ox" {pain, Stlth+}
rCold    . . .     Gourm    .   y - +0 buckler of Ketoym {rPois Int+3}
rNeg     + + .     Faith    .   Z - +9 pearl dragon scales
rPois    +         Spirit   .   Y - +1 helmet {SInv}
rElec    +         Reflect  .   v - +0 cloak "Ritysona" {*Contam rElec Int+2}
rCorr    .         Harm     .   A - +1 pair of gloves {archery}
MR       +....                  e - +2 pair of boots {run}
Stlth    ++++++++++             u - amulet "Bacsonot" {rN+ Regen+}
HPRegen  0.78/turn              P - ring of Phasing {EV+8}
MPRegen  0.23/turn              S - +4 ring of slaying

@: swift, very slightly contaminated, wreathed by umbra, very quick
A: small, talons 1, agile 1, carnivore, wild magic 2
}: 2/15 runes: decaying, serpentine
a: Shadow Step, Shadow Form, Renounce Religion


You were on level 3 of the Depths.
You worshipped Dithmenos.
Dithmenos was exalted by your worship.
You were completely stuffed.

You visited 9 branches of the dungeon, and saw 42 of its levels.
You also visited: Ossuary and Ice Cave.

You collected 5795 gold pieces.
You spent 2631 gold pieces at shops.

Inventory:

Hand Weapons
 a - the +8 dagger "Ox" (weapon) {pain, Stlth+}
   (You found it on level 13 of the Dungeon)

   In the hands of one skilled in necromantic magic, it inflicts extra damage on
   living creatures.
   It makes you more stealthy.
 b - a +5 hand crossbow of velocity
 l - a +3 rapier of holy wrath
Missiles
 d - 5 throwing nets (quivered)
 U - 1044 bolts
Armour
 e - a +2 pair of boots of running (worn)
 v - the +0 cloak "Ritysona" (worn) {*Contam rElec Int+2}
   (You bought it in a shop on level 14 of the Dungeon)

   It affects your intelligence (+2).
   It insulates you from electricity.
   It causes magical contamination when unequipped.
 y - the +0 buckler of Ketoym (worn) {rPois Int+3}
   (You bought it in a shop on level 4 of the Dungeon)

   It affects your intelligence (+3).
   It protects you from poison.
 A - a +1 pair of gloves of archery (worn)
 Y - a +1 helmet of see invisible (worn)
 Z - +9 pearl dragon scales (worn)
Jewellery
 c - the ring "Pirolak" {*Corrode +Fly rF++ Int+6 Dex+3}
   (You took it off a deep elf archer on level 3 of the Elven Halls)

   [ring of intelligence]

   It affects your intelligence (+6).
   It affects your dexterity (+3).
   It greatly protects you from fire.
   It lets you fly.
   It may corrode you when you take damage.
 u - the amulet "Bacsonot" (around neck) {rN+ Regen+}
   (You bought it in a shop on level 1 of the Depths)

   [amulet of regeneration]

   It protects you from negative energy.
   It increases your rate of regeneration.
 G - a +4 ring of intelligence
 J - an uncursed ring of positive energy
 P - the ring of Phasing (left hand) {EV+8}
   (You took it off a deep elf demonologist on level 3 of the Elven Halls)

   [ring of evasion]

   It affects your evasion (+8).
 S - a +4 ring of slaying (right hand)
 W - an uncursed ring of magical power
 X - the ring of Ifappeng {rElec rC+}
   (You took it off a deep elf archer on level 3 of the Elven Halls)

   [ring of protection from cold]

   It protects you from cold.
   It insulates you from electricity.
Wands
 k - a wand of iceblast (45)
 z - a wand of scattershot (12)
 H - a wand of paralysis (12)
 N - a wand of digging (18)
 T - a wand of acid (24)
Scrolls
 h - 20 scrolls of remove curse
 m - 17 scrolls of identify
 n - 18 scrolls of teleportation
 q - a scroll of amnesia
 t - 8 scrolls of enchant weapon
 B - 3 scrolls of fear
 E - 2 scrolls of summoning
 M - 2 scrolls of magic mapping
 Q - 8 scrolls of blinking
 R - 3 scrolls of fog
 V - 3 scrolls of brand weapon
Potions
 g - 19 potions of curing
 i - 3 potions of flight
 j - 4 potions of heal wounds
 o - 4 potions of ambrosia
 p - 3 potions of invisibility
 r - 5 potions of haste
 w - 7 potions of magic
 x - 5 potions of resistance
 C - 10 potions of brilliance
 D - 2 potions of agility
 F - 5 potions of cancellation
 L - a potion of might
 O - 2 potions of mutation
Miscellaneous
 s - 2 phantom mirrors
Comestibles
 f - 82 rations
 I - 6 chunks of flesh


   Skills:
 + Level 20.4 Fighting
 - Level 14.0 Short Blades
 + Level 19.3 Crossbows
 - Level 4.3 Throwing
 - Level 12.0 Armour
 + Level 22.0 Dodging
 - Level 16.0 Stealth
 - Level 4.0 Shields
 - Level 6.0 Spellcasting
 - Level 6.0 Charms
 - Level 10.6 Necromancy
 + Level 12.2 Translocations
 - Level 6.0 Invocations


You had 24 spell levels left.
You knew the following spells:

 Your Spells              Type           Power        Failure   Level  Hunger
a - Swiftness             Chrm/Air       ###.....     38%         2    None
b - Regeneration          Chrm/Necr      ######....   13%         3    ##.....
c - Blink                 Tloc           N/A          2%          2    None
d - Animate Skeleton      Necr           N/A          3%          1    None
e - Apportation           Tloc           ######       2%          1    None
f - Portal Projectile     Hex/Tloc       #####.       26%         3    ##.....

Your spell library contained the following spells:

 Spells                   Type           Power        Failure   Level  Hunger
 Pain                     Necr           ####         3%          1    None
 Gell's Gravitas          Tloc           ######....   4%          3    ##.....
 Lesser Beckoning         Tloc           ######....   4%          3    ##.....
 Teleport Other           Tloc           ######..     4%          3    ##.....
 Shroud of Golubria       Chrm/Tloc      ######....   6%          2    None
 Passage of Golubria      Tloc           N/A          10%         4    ####...
 Infusion                 Chrm           ####         11%         1    None
 Song of Slaying          Chrm           #####...     16%         2    None
 Force Lance              Conj/Tloc      #####...     56%         4    ####...
 Ozocubu's Armour         Chrm/Ice       ###.....     58%         3    ##.....
 Spectral Weapon          Hex/Chrm       ###.....     58%         3    ##.....
 Excruciating Wounds      Chrm/Necr      ######....   61%         5    #####..
 Beastly Appendage        Tmut           #.....       63%         1    None
 Confusing Touch          Hex            #.....       63%         1    None
 Flame Tongue             Conj/Fire      #....        63%         1    None
 Magic Dart               Conj           #...         63%         1    None
 Shock                    Conj/Air       #...         63%         1    None
 Summon Butterflies       Summ           #.......     63%         1    None
 Summon Small Mammal      Summ           #...         63%         1    None
 Dispersal                Tloc           ######....   65%         6    #######
 Passwall                 Tmut/Erth      #.......     77%         2    None
 Searing Ray              Conj           #.....       77%         2    None
 Throw Flame              Conj/Fire      #.....       77%         2    None
 Call Canine Familiar     Summ           #.......     92%         3    ##.....
 Conjure Flame            Conj/Fire      #.......     92%         3    ##.....
 Dazzling Spray           Conj/Hex       #.....       92%         3    ##.....
 Inner Flame              Hex/Fire       #.......     92%         3    ##.....
 Static Discharge         Conj/Air       #.......     92%         3    ##.....
 Stone Arrow              Conj/Erth      #.....       92%         3    ##.....
 Borgnjor's Vile Clutch   Necr/Erth      #####.....   94%         5    #####..
 Airstrike                Air            #.........   100%        4    ####...
 Cause Fear               Hex            #.........   100%        4    ####...
 Fulminant Prism          Conj/Hex       #.........   100%        4    ####...
 Ice Form                 Ice/Tmut       #.......     100%        4    ####...
 Iskenderun's Mystic Bla  Conj           #.......     100%        4    ####...
 Petrify                  Tmut/Erth      #.......     100%        4    ####...
 Sticky Flame             Conj/Fire      #.......     100%        4    ####...
 Summon Ice Beast         Ice/Summ       #.......     100%        4    ####...
 Bolt of Magma            Conj/Fire/Erth #.........   100%        5    #####..
 Fireball                 Conj/Fire      #.........   100%        5    #####..
 Lee's Rapid Deconstruct  Erth           #.........   100%        5    #####..
 Lightning Bolt           Conj/Air       #.........   100%        5    #####..
 Summon Mana Viper        Hex/Summ       #.......     100%        5    #####..
 Bolt of Fire             Conj/Fire      #.........   100%        6    #######
 Hydra Form               Tmut           #.........   100%        6    #######
 Iron Shot                Conj/Erth      #.........   100%        6    #######
 Statue Form              Tmut/Erth      #........    100%        6    #######
 Dragon Form              Tmut           #.........   100%        7    #######
 Summon Hydra             Summ           #.........   100%        7    #######
 Controlled Blink         Tloc           N/A          100%        8    #######
 Disjunction              Tloc           ######....   100%        8    #######
 Ignition                 Fire           #.........   100%        8    #######
 Dragon's Call            Summ           #.........   100%        9    #######
 Shatter                  Erth           #.........   100%        9    #######
 Tornado                  Air            #.........   100%        9    #######


Dungeon Overview and Level Annotations

Branches:
Dungeon (15/15)            Temple (1/1) D:7            Lair (6/6) D:9
  Swamp (4/4) Lair:4        Snake (4/4) Lair:2        Slime (0/5) Lair:5
    Orc (2/2) D:12            Elf (3/3) Orc:2        Vaults (4/5) D:14
  Crypt (0/3) Vaults:3     Depths (3/5) D:15

Altars:
Ashenzari
Cheibriados
Dithmenos
Elyvilon
Fedhas
Gozag
Hepliaklqana
Kikubaaqudgha
Makhleb
Nemelex Xobeh
Okawaru
Qazlal
Ru
Sif Muna
Trog
Uskayaw
Vehumet
Wu Jian
Xom
Yredelemnul
Zin
The Shining One
Beogh
Jiyva

Shops:
D:4 [   D:5 *   D:8 *   D:14 [   Orc:1 [   Orc:2 *(=[   Elf:3 :   Snake:3 =%
Vaults:3 [%(   Depths:1 ==}

Portals:
Hell: Depths:1 Depths:2
Pandemonium: Depths:1
Trove: Depths:1 (give +4 demon blade)

Annotations:
D:12 Rupert
Lair:1 Gastronok
Lair:3 exclusion: 4 oklob plants
Swamp:1 exclusion: thorn hunter


Innate Abilities, Weirdness & Mutations

You are small and have problems with some larger weapons.
You are carnivorous and can eat meat at any time.
You have sharp toenails.
You are agile. (Dex +2)
Your spells are harder to cast, but more powerful.


Message History

Your fire dragon skeleton claws the fire giant.
Your fire dragon skeleton tramples the fire giant.
The deep elf high priest invokes the aid of its god against you.
The sphere of damnation explodes!
The damnation engulfs you!
* * * LOW HITPOINT WARNING * * *
The fire giant points at you and mumbles some strange words.
The fireball explodes!
The fireball engulfs you!
* * * LOW HITPOINT WARNING * * *
Your necromancer skeleton hits the deep elf high priest with an uncursed staff of summoning!
Your fire dragon skeleton bites the fire giant.
Your fire dragon skeleton claws the fire giant.
Your fire dragon skeleton tramples the fire giant but does no damage.
The fire giant seems less brilliant.
The fire giant is empowered by the deep elf high priest's aura!
The deep elf high priest mumbles some strange prayers to its god against you.
Something smites you!
* * * LOW HITPOINT WARNING * * *
The fire giant casts a spell at you.
The fireball explodes!
The fireball engulfs you!!!
You die...

# #.......#.....#.###
##.#..eZ...#.....#.##
...#..)Z...#.....#..#
#^...C...#.....#..##
...#.......#...(.##..# #. .#
#..(..%.#.....#...# #. .#
#.......#.....#...# #. .#
#.......#.....##.## #. .#
#.@(....#.....##.# ##. .##
#.......#.....#..## ..#..
#.......#....}#...#
####^##########.......#.....##..#
....%......Z..........#...(.##...
.....................[#.....##..#
.....[................#.....#...#
......................#...?.#...#
#######################.....##..#


You could see a fire giant, a deep elf high priest, a friendly fire dragon
skeleton and a friendly necromancer skeleton.

Vanquished Creatures
  An ancient lich (Depths:2)
  Boris (thrice) (Vaults:4 Depths:1 Depths:2)
  Vashnia (Snake:3)
  Bai Suzhen (Depths:3)
  Xtahua (Vaults:2)
  Saint Roka (Depths:2)
  2 golden dragons
  Nikola (Snake:2)
  3 liches
  An Ice Fiend (IceCv)
  3 deep elf blademasters
  2 titans
  2 tengu reavers (Depths:2)
  A sphinx (Vaults:4)
  Frances (Elf:1)
  Kirke (Lair:4)
  5 thorn hunters
  Roxanne (D:14)
  A storm dragon (Depths:3)
  Donald (Elf:2)
  11 nagarajas
  10 fire giants
  A ghost moth (shapeshifter) (Vaults:1)
  7 frost giants
  7 deep elf sorcerers
  Louise (Snake:3)
  5 deep elf elementalists
  2 iron dragons (Depths:3)
  An orc warlord (Orc:1)
  9 vault wardens
  A reaper (Depths:1)
  16 stone giants
  8 very ugly things
  10 ironheart preservers
  3 war gargoyles
  A spriggan defender (Depths:3)
  2 entropy weavers (Vaults:2)
  Nessos (D:12)
  A deep elf demonologist (Elf:3)
  6 deep elf annihilators
  2 spark wasps (Depths:1)
  The ghost of Darubir the Archer, a journeyman CeAM of Okawaru (Lair:5)
  2 crystal guardians (Depths:2)
  Josephine (D:14)
  6 ettins
  5 deep elf high priests
  5 deep elf death magi
  11 yaktaur captains
  8 fire dragons
  5 great orbs of eyes
  21 hydras
  A spriggan air mage (Depths:3)
  13 naga warriors
  9 ice dragons
  3 rakshasas
  Harold (D:11)
  11 vault guards
  16 centaur warriors
  7 ogre magi
  A shambling mangrove (Swamp:4)
  2 anacondas
  13 two-headed ogres
  32 dancing weapons
  21 alligators
  2 death knights
  6 spriggan berserkers
  4 tengu warriors
  7 shock serpents
  5 deep troll earth magi
  Urug (D:10)
  3 orc high priests
  20 naga sharpshooters
  A soul eater (Depths:1)
  10 spriggans
  Nergalle (Lair:2)
  20 deep elf knights
  3 salamander mystics
  4 skeletal warriors
  A fire crab (Lair:5)
  4 unseen horrors
  4 shadow wraiths
  A storm dragon skeleton (Vaults:2)
  An unseen horror (shapeshifter) (Vaults:2)
  8 sea snakes (Snake:2)
  10 deep trolls
  8 naga ritualists
  3 glowing orange brains
  A golden dragon zombie (Depths:2)
  3 flayed ghosts
  8 swamp dragons
  An infernal demonspawn (Depths:1)
  A spriggan druid (Swamp:4)
  3 wizards
  20 deep elf archers
  A phantasmal warrior (Vaults:2)
  11 mana vipers
  10 ironbrand convokers
  4 necromancers
  16 orc knights
  12 orc sorcerers
  3 wolf spiders
  56 deep elf magi
  2 moths of wrath (Lair:5)
  44 ugly things
  5 cyclopes
  A mana viper (shapeshifter) (Depths:3)
  A fire giant zombie (Depths:2)
  A sphinx skeleton (Vaults:2)
  9 salamanders
  A faun (shapeshifter) (Depths:3)
  3 shining eyes (shapeshifter)
  24 black mambas
  2 moths of wrath (shapeshifter)
  A spriggan zombie (Depths:1)
  7 elephants
  2 stone giant skeletons
  2 manticores (Elf:3)
  4 guardian serpents
  17 naga magi
  4 ice statues (IceCv)
  22 vault sentinels
  A storm dragon simulacrum (Vaults:2)
  4 orange demons
  6 gargoyles
  32 spiny frogs
  An efreet (D:15)
  12 ice devils
  2 yaktaurs (shapeshifter)
  36 yaktaurs
  3 rime drakes
  4 komodo dragons
  A redback zombie (D:15)
  3 anaconda simulacra (IceCv)
  A kobold demonologist (D:15)
  9 freezing wraiths
  3 trolls (shapeshifter)
  A hellwing (Depths:1)
  4 tengu conjurers
  7 trolls
  A golden dragon simulacrum (IceCv)
  16 hornets
  A queen bee (Depths:3)
  A jumping spider (shapeshifter) (Depths:1)
  6 polar bears
  9 tyrant leeches
  Prince Ribbit (D:8)
  A deep troll zombie (Depths:1)
  57 slime creatures
  A dream sheep (Lair:5)
  5 bog bodies
  9 hippogriffs
  34 blink frogs
  5 air elementals
  9 water elementals
  A redback (Vaults:3)
  5 wyverns
  5 shadows
  A dire elephant simulacrum (IceCv)
  17 humans
  2 vampires
  23 yaks
  A deep troll skeleton (Depths:1)
  An elf simulacrum (Depths:1)
  A chaos spawn (Depths:1)
  3 fire elementals (Elf:2)
  7 wraiths
  Grum (D:9)
  2 basilisks (D:15)
  21 vampire mosquitoes
  Menkaure (D:7)
  2 steam dragons (D:9)
  24 insubstantial wisps
  66 nagas
  4 wargs
  An iron troll simulacrum (IceCv)
  9 swamp worms
  An acid dragon (Vaults:1)
  3 hydra simulacra (IceCv)
  21 water moccasins
  A floating eye (Depths:3)
  7 porcupines
  4 black bears
  3 sky beasts
  10 swamp drakes
  61 orc warriors
  A hornet zombie (D:14)
  3 ice beasts
  An ettin simulacrum (IceCv)
  18 ogres
  3 phantoms
  9 boggarts
  18 centaurs
  7 wolves
  13 crocodiles
  An elf zombie (Ossuary)
  A big kobold (D:12)
  25 bullfrogs
  A wyvern zombie (D:14)
  3 earth elementals
  2 wyvern skeletons
  9 scorpions
  19 killer bees (Depths:3)
  3 wights (D:15)
  4 howler monkeys
  5 electric eels
  A bullfrog zombie (D:10)
  12 crimson imps
  8 centaur zombies
  A human zombie (Ossuary)
  A quasit (Depths:1)
  15 orc priests
  33 orc wizards
  2 jellies
  A gnoll shaman (D:7)
  4 hounds
  A bullfrog skeleton (D:8)
  2 iron imps (Depths:1)
  3 centaur skeletons
  2 hell rats (Lair:1)
  An iguana (D:8)
  8 worker ants
  2 big kobold zombies (Ossuary)
  3 hound zombies
  3 mummies (Ossuary)
  A howler monkey zombie (D:6)
  4 gnolls
  16 adders
  A howler monkey skeleton (D:4)
  11 river rats (Lair:1)
  6 shadow imps
  2 ufetubi (Depths:1)
  An ooze (D:2)
  3 adder zombies
  4 worms
  2 dart slugs
  8 leopard geckos
  124 orcs
  8 bats
  4 giant cockroaches
  A gnoll zombie (Ossuary)
  9 goblins
  19 hobgoblins
  14 jackals
  5 quokkas
  4 frilled lizards
  3 goblin zombies (Ossuary)
  3 hobgoblin zombies (Ossuary)
  5 jackal zombies (Ossuary)
  21 kobolds
  4 kobold zombies (Ossuary)
  A leopard gecko skeleton (D:5)
  A leopard gecko zombie (D:7)
  2 orc zombies (Ossuary)
  2 quokka skeletons
  3 quokka zombies (Ossuary)
  6 rats
  5 rat zombies (Ossuary)
  A fungus (Lair:5)
1910 creatures vanquished.

Vanquished Creatures (collateral kills)
  Frederick (Vaults:2)
  A tentacled monstrosity (Depths:3)
  A deep elf sorcerer (Elf:1)
  A fire giant (Depths:1)
  A frost giant (Depths:3)
  A deep elf elementalist (Elf:3)
  An ironheart preserver (Vaults:2)
  2 very ugly things
  A deep elf annihilator (Elf:3)
  2 ettins (Depths:1)
  A hydra (Swamp:4)
  A spriggan berserker (Swamp:4)
  A tengu warrior (Depths:3)
  A deep elf knight (Elf:2)
  2 deep trolls
  A deep elf archer (Elf:3)
  A swamp dragon (Swamp:4)
  An ugly thing (Depths:1)
  A wolf spider (Vaults:2)
  2 deep elf magi (Elf:1)
  2 vault sentinels
  A yaktaur (Vaults:3)
  A freezing wraith (Vaults:2)
  A hornet (Vaults:2)
  A bog body (Swamp:4)
  4 slime creatures
  4 water elementals
  A swamp worm (Swamp:4)
  2 swamp drakes (Swamp:4)
  An orc warrior (Depths:2)
  7 orcs
  A fungus (Elf:2)
  A plant (Depths:2)
51 creatures vanquished.

Vanquished Creatures (others)
  A vampire knight (Depths:3)
  A deep elf high priest (Elf:3)
  A deep troll earth mage (Depths:1)
  A spriggan berserker (Swamp:4)
  An orc knight (Vaults:1)
  A deep elf archer (Elf:1)
  A deep elf mage (Elf:1)
  A black mamba (Snake:4)
  A tyrant leech (Swamp:4)
  A slime creature (Swamp:1)
  A shadow (Swamp:4)
  A human (Lair:4)
  A swamp drake (Swamp:2)
  2 orcs (Elf:2)
  A bush (Lair:5)
  90 fungi
  159 plants
265 creatures vanquished.

Grand Total: 2226 creatures vanquished

Notes
Turn   | Place    | Note
-------+----------+-------------------------------------------
     0 | D:1      | PikkenKukken the Kobold Gladiator began the quest for the
                  | Orb.
     0 | D:1      | Reached XP level 1. HP: 12/12 MP: 1/1
   306 | D:1      | Reached XP level 2. HP: 18/18 MP: 2/2
   760 | D:1      | Reached XP level 3. HP: 22/22 MP: 3/3
   769 | D:1      | Reached skill level 4 in Dodging
  1379 | D:2      | Reached skill level 1 in Armour
  1379 | D:2      | Reached XP level 4. HP: 27/27 MP: 4/4
  1595 | D:2      | Reached skill level 5 in Short Blades
  1946 | D:2      | Reached skill level 1 in Stealth
  2888 | D:3      | Reached XP level 5. HP: 28/32 MP: 5/5
  2949 | D:3      | Noticed a -1 hand axe
  2950 | D:3      | Found a hide-covered altar of Uskayaw.
  2950 | D:3      | Noticed a +0 hand axe
  3652 | D:4      | Reached XP level 6. HP: 29/37 MP: 6/6
  3752 | D:4      | Noticed an ogre
  4282 | D:4      | Killed an ogre
  4282 | D:4      | Reached skill level 1 in Spellcasting
  4282 | D:4      | Reached XP level 7. HP: 41/41 MP: 8/8
  4495 | D:4      | Found a radiant altar of Vehumet.
  4512 | D:4      | Found Ubran's Armour Shoppe.
  4585 | D:5      | Entered Level 5 of the Dungeon
  4608 | D:5      | Found a sand-covered staircase.
  4617 | Ossuary  | Entered an ossuary
  4719 | Ossuary  | Reached skill level 5 in Dodging
  6121 | D:5      | Reached XP level 8. HP: 41/48 MP: 11/11
  6709 | D:5      | Found Siveuq's Elemental Accessories.
  7275 | D:4      | Bought the +0 buckler of Ketoym {rPois Int+3} for 286 gold
                  | pieces
  7318 | D:6      | Found a shimmering altar of Xom.
  7318 | D:6      | Found a shimmering altar of Xom.
  7318 | D:6      | Found a shimmering altar of Xom.
  7318 | D:6      | Found a shimmering altar of Xom.
  7318 | D:6      | Found a shimmering altar of Xom.
  7403 | D:6      | Found a shimmering altar of Xom.
  7403 | D:6      | Found a shimmering altar of Xom.
  7485 | D:6      | Reached skill level 5 in Stealth
  7926 | D:6      | Reached skill level 6 in Dodging
  7926 | D:6      | Reached skill level 1 in Shields
  7979 | D:6      | Reached XP level 9. HP: 52/52 MP: 13/13
  8115 | D:6      | Found an iron altar of Okawaru.
  8304 | D:7      | Noticed Menkaure
  8347 | D:7      | Found a staircase to the Ecumenical Temple.
  8356 | Temple   | Entered the Ecumenical Temple
  8361 | Temple   | Became a worshipper of Dithmenos the Shadowed
  8540 | D:6      | Reached skill level 5 in Fighting
  9119 | D:7      | Found a bloodstained altar of Trog.
  9641 | D:7      | Found a blossoming altar of Fedhas.
  9716 | D:7      | Gained mutation: You have sharp toenails. [potion of
                  | mutation]
  9716 | D:7      | Gained mutation: Your spells are a little harder to cast,
                  | but a little more powerful. [potion of mutation]
  9716 | D:7      | Gained mutation: You are agile. (Dex +2) [potion of
                  | mutation]
  9716 | D:7      | Gained mutation: Your spells are harder to cast, but more
                  | powerful. [potion of mutation]
 10039 | D:7      | Killed Menkaure
 10181 | D:7      | Found a sparkling altar of Nemelex Xobeh.
 10283 | D:8      | Noticed a two-headed ogre
 10314 | D:8      | Killed a two-headed ogre
 10314 | D:8      | Reached skill level 10 in Short Blades
 10314 | D:8      | Reached XP level 10. HP: 60/60 MP: 14/16
 10411 | D:8      | Noticed Prince Ribbit
 10433 | D:8      | Killed Prince Ribbit
 10433 | D:8      | Reached skill level 7 in Dodging
 10573 | D:8      | Found Taniatee's General Store.
 10588 | D:8      | Reached * piety under Dithmenos
 10787 | D:8      | Found a snail-covered altar of Cheibriados.
 10787 | D:8      | Found an ancient bone altar of Kikubaaqudgha.
 11429 | D:9      | Found a glowing golden altar of the Shining One.
 11772 | D:9      | Found an iron altar of Okawaru.
 11913 | D:9      | Found a staircase to the Lair.
 12238 | D:9      | Reached skill level 8 in Dodging
 12902 | D:9      | Found a basalt altar of Yredelemnul.
 13025 | D:10     | Entered Level 10 of the Dungeon
 13080 | D:10     | Reached skill level 5 in Armour
 13080 | D:10     | Reached skill level 1 in Invocations
 13080 | D:10     | Reached XP level 11. HP: 67/67 MP: 17/17
 13406 | D:10     | Reached ** piety under Dithmenos
 14077 | Lair:1   | Entered Level 1 of the Lair of Beasts
 14158 | Lair:1   | Noticed Grum
 14273 | D:9      | Killed Grum
 14690 | Lair:1   | Reached skill level 9 in Dodging
 15122 | Lair:1   | Noticed Gastronok
 15234 | Lair:2   | Noticed Nergalle
 15239 | Lair:2   | Killed Nergalle
 15271 | Lair:2   | Noticed a six-headed hydra
 15336 | Lair:1   | Killed a six-headed hydra
 15336 | Lair:1   | Reached skill level 10 in Stealth
 15811 | D:4      | Bought a +0 pair of boots of running for 409 gold pieces
 16336 | Lair:1   | Reached skill level 5 in Invocations
 16369 | Lair:2   | Noticed an eight-headed hydra
 16815 | Lair:2   | Reached XP level 12. HP: 75/75 MP: 18/18
 16864 | Lair:2   | Reached skill level 10 in Dodging
 16926 | Lair:2   | Found a staircase to the Snake Pit.
 16961 | Lair:2   | Reached *** piety under Dithmenos
 17658 | Lair:2   | Killed an eight-headed hydra
 18488 | Lair:3   | Identified a scroll of acquirement
 19366 | Lair:4   | You fall through a shaft for 2 floors!
 19366 | Lair:6   | Entered Level 6 of the Lair of Beasts
 19702 | Lair:4   | Noticed Kirke
 19731 | Lair:4   | Killed Kirke
 19731 | Lair:4   | Reached skill level 11 in Dodging
 20414 | Lair:4   | Found a staircase to the Swamp.
 21197 | Lair:3   | Learned a level 2 spell: Swiftness
 21278 | Lair:5   | Reached skill level 10 in Fighting
 21308 | Lair:5   | Noticed a six-headed hydra
 21309 | Lair:5   | Found a transporter.
 21580 | Lair:4   | Reached XP level 13. HP: 77/82 MP: 16/19
 21685 | Lair:4   | Reached skill level 1 in Charms
 22038 | Lair:4   | Reached **** piety under Dithmenos
 22270 | Lair:5   | Found a staircase to the Slime Pits.
 22270 | Lair:5   | Found a viscous altar of Jiyva.
 22320 | Lair:5   | Noticed a five-headed hydra
 22488 | Lair:4   | Killed a five-headed hydra
 22824 | Lair:4   | Reached skill level 5 in Crossbows
 23015 | Lair:5   | Found a transporter.
 23020 | Lair:5   | Noticed Darubir's ghost (journeyman CeAM)
 24058 | Lair:5   | Found a transporter.
 24095 | Lair:5   | Found a transporter.
 24257 | Lair:5   | Found a staircase to the Slime Pits.
 24260 | Lair:5   | Found a viscous altar of Jiyva.
 24421 | Lair:6   | Reached skill level 12 in Dodging
 25201 | Lair:6   | Noticed a four-headed hydra
 25319 | Lair:5   | Killed a four-headed hydra
 25880 | Lair:6   | Noticed a four-headed hydra
 26153 | Lair:5   | Killed a four-headed hydra
 26153 | Lair:5   | Reached XP level 14. HP: 65/90 MP: 20/20
 27739 | Lair:5   | Reached skill level 13 in Dodging
 29692 | Lair:6   | Reached ***** piety under Dithmenos
 31070 | D:11     | Noticed Urug
 31133 | D:10     | Killed Urug
 31133 | D:10     | Reached skill level 15 in Stealth
 31184 | D:11     | Noticed Harold
 31208 | D:11     | Killed Harold
 32170 | D:12     | Noticed Rupert
 32439 | D:12     | Noticed Nessos
 32441 | D:12     | Killed Nessos
 32453 | D:12     | Found a staircase to the Orcish Mines.
 32534 | Orc:1    | Entered Level 1 of the Orcish Mines
 32545 | D:12     | Found a roughly hewn altar of Beogh.
 32864 | Orc:1    | Found Gelue's Armour Emporium.
 33015 | Orc:1    | Reached XP level 15. HP: 97/97 MP: 21/21
 33907 | Orc:2    | Entered Level 2 of the Orcish Mines
 33907 | Orc:2    | Found a staircase to the Elven Halls.
 34506 | Orc:2    | Found Gafely's Antique Armour Shoppe.
 34641 | Orc:2    | Found Hoodoxtu's Jewellery Shoppe.
 35034 | Orc:2    | Found Ymnaerob's Antique Weapon Shoppe.
 35109 | Orc:2    | Reached skill level 14 in Dodging
 35190 | Orc:2    | Paralysed by an orc sorcerer for 7 turns
 35742 | Orc:2    | Noticed an orc warlord
 35878 | Orc:2    | Found Nudwoomnah's General Store.
 35944 | Orc:1    | Killed an orc warlord
 36942 | D:13     | Got a steaming dagger
 36943 | D:13     | Identified the +8 dagger "Ox" {pain, Stlth+} (You found it
                  | on level 13 of the Dungeon)
 37509 | D:13     | Reached ****** piety under Dithmenos
 37667 | D:14     | Found a gate to the Vaults.
 38493 | D:13     | Reached XP level 16. HP: 104/104 MP: 22/22
 38894 | D:14     | Found Naarphyku's Antique Armour Emporium.
 38902 | D:14     | Bought a smoking shield for 294 gold pieces
 38902 | D:14     | Bought an ancient cloak for 294 gold pieces
 38909 | D:14     | Identified the cursed +0 shield of Creativity {MP-9 Str+2
                  | Int+2} (You bought it in a shop on level 14 of the Dungeon)
 38910 | D:14     | Identified the +0 cloak "Ritysona" {*Contam rElec Int+2}
                  | (You bought it in a shop on level 14 of the Dungeon)
 38934 | D:14     | Noticed Josephine
 38992 | D:14     | Identified Roxanne's Compendium of the Magi
 38992 | D:14     | Noticed Roxanne
 39143 | D:14     | Killed Josephine
 39203 | D:14     | Found a blossoming altar of Fedhas.
 39578 | D:14     | Killed Roxanne
 39676 | D:15     | Entered Level 15 of the Dungeon
 39813 | D:15     | Learned a level 3 spell: Regeneration
 40534 | D:15     | Reached skill level 1 in Necromancy
 40637 | D:15     | Found a staircase to the Depths.
 41555 | D:5      | Bought the Handbook of Clay for 648 gold pieces
 41806 | Swamp:1  | Entered Level 1 of the Swamp
 42076 | Swamp:1  | Reached skill level 15 in Dodging
 42269 | Swamp:1  | Got a fine leather armour
 42270 | Swamp:1  | Identified the +1 leather armour of Teamo {rElec rPois}
                  | (You found it on level 1 of the Swamp)
 42689 | Swamp:1  | Noticed a thorn hunter
 42731 | Swamp:2  | Noticed a thorn hunter
 43120 | Swamp:2  | Reached skill level 5 in Spellcasting
 43409 | Snake:1  | Entered Level 1 of the Snake Pit
 43673 | Snake:1  | Noticed a nagaraja
 43673 | Snake:1  | Noticed a nagaraja
 43680 | Snake:1  | Killed a nagaraja
 43681 | Snake:1  | Killed a nagaraja
 43974 | Snake:1  | Reached XP level 17. HP: 99/110 MP: 25/25
 44832 | Snake:2  | Noticed Nikola
 44868 | Snake:2  | Killed Nikola
 45537 | Snake:2  | Reached skill level 10 in Crossbows
 46473 | Snake:3  | Found Ifonill's Jewellery Shoppe.
 46481 | Snake:3  | Found Ixishrak's Food Emporium.
 46759 | Snake:3  | Reached skill level 5 in Necromancy
 47536 | Snake:3  | Reached skill level 16 in Dodging
 47695 | Snake:3  | Noticed Louise
 47700 | Snake:3  | Killed Louise
 47813 | Snake:3  | Reached XP level 18. HP: 79/117 MP: 27/27
 47997 | Snake:3  | Noticed Vashnia
 48674 | Snake:3  | Killed Vashnia
 48971 | Snake:4  | Entered Level 4 of the Snake Pit
 49203 | Snake:4  | Found a snail-covered altar of Cheibriados.
 49557 | Snake:4  | Learned a level 2 spell: Blink
 50255 | Snake:4  | Reached skill level 15 in Fighting
 50377 | Snake:4  | Reached skill level 1 in Translocations
 52830 | Snake:4  | Got a serpentine rune of Zot
 53158 | Vaults:1 | Entered Level 1 of the Vaults
 53299 | Vaults:1 | Reached XP level 19. HP: 124/124 MP: 28/28
 55030 | Vaults:1 | Reached skill level 17 in Dodging
 55307 | Vaults:1 | Reached skill level 10 in Armour
 55604 | Vaults:1 | Reached skill level 5 in Translocations
 57447 | Vaults:1 | Paralysed by an ogre mage for 4 turns
 57507 | Vaults:1 | Paralysed by an ogre mage for 6 turns
 58189 | Vaults:1 | Reached XP level 20. HP: 99/131 MP: 29/29
 58592 | Lair:5   | Killed Darubir's ghost
 58607 | Lair:5   | Got a pitted ivory ring
 58630 | Lair:5   | Identified the ring of Levity {rPois MP+9} (You found it on
                  | level 5 of the Lair of Beasts)
 59582 | Swamp:2  | Learned a level 1 spell: Animate Skeleton
 59584 | Swamp:2  | Learned a level 1 spell: Apportation
 59908 | Swamp:3  | Found a frozen archway.
 60001 | IceCv    | Entered an ice cave
 60748 | IceCv    | Noticed an Ice Fiend
 60773 | IceCv    | Killed an Ice Fiend
 60899 | Swamp:3  | Reached skill level 18 in Dodging
 61318 | Swamp:3  | Reached skill level 10 in Necromancy
 61807 | Swamp:4  | Entered Level 4 of the Swamp
 63657 | Swamp:4  | Got a decaying rune of Zot
 63856 | Swamp:4  | Reached XP level 21. HP: 138/138 MP: 30/30
 64628 | Vaults:2 | Noticed Frederick
 64858 | Elf:1    | Entered Level 1 of the Elven Halls
 65083 | Orc:2    | Upgraded the game from 0.23.0-3-gf3c87f2df8 to
                  | 0.23.0-28-g6fe0f4dc8b
 65643 | Elf:1    | Noticed Frances
 65667 | Elf:1    | Killed Frances
 66194 | Elf:1    | Found an ancient bone altar of Kikubaaqudgha.
 66407 | Elf:2    | Reached skill level 15 in Crossbows
 66494 | Elf:2    | Reached skill level 5 in Charms
 66752 | Elf:2    | Found a runed translucent gate.
 66752 | Elf:2    | Found a runed translucent gate.
 66771 | Elf:2    | Found a runed translucent gate.
 67215 | Elf:2    | Found a ruined gateway.
 67765 | Elf:2    | Reached skill level 19 in Dodging
 68116 | Elf:2    | Noticed Donald
 68146 | Elf:2    | Killed Donald
 68773 | Elf:3    | Entered Level 3 of the Elven Halls
 68923 | Elf:3    | Found Komm's Book Shoppe.
 69343 | Elf:3    | Reached XP level 22. HP: 146/146 MP: 31/31
 72136 | Elf:3    | Identified the +5 scimitar of Tenacity {protect, Stlth+}
 72136 | Elf:3    | Identified the ring of Ifappeng {rElec rC+}
 72139 | Elf:3    | Identified the +8 longbow of Scorn {venom, rPois rC+
                  | Stlth+}
 72139 | Elf:3    | Identified the ring "Pirolak" {*Corrode +Fly rF++ Int+6
                  | Dex+3}
 72234 | Elf:3    | Identified Sif Muna's Disquisition on the Earthen Birds
 72283 | Elf:3    | Learned a level 3 spell: Portal Projectile
 73184 | Vaults:2 | Noticed Xtahua
 73186 | Vaults:2 | Killed Xtahua
 73314 | Vaults:2 | Killed Frederick
 74638 | Vaults:3 | Found Zawkic's Food Emporium.
 75411 | Vaults:2 | Reached XP level 23. HP: 153/153 MP: 32/32
 75530 | Vaults:3 | Reached skill level 20 in Dodging
 75763 | Vaults:3 | Found Qoss's Weapon Shoppe.
 75769 | Vaults:3 | Bought a +0 quick blade for 165 gold pieces
 76928 | Vaults:3 | Noticed a golden dragon
 77142 | Vaults:3 | Found Yzugops's Antique Armour Shop.
 77316 | Vaults:3 | Found a staircase to the Crypt.
 77316 | Vaults:3 | Found a basalt altar of Yredelemnul.
 77814 | Vaults:3 | Found an ancient bone altar of Kikubaaqudgha.
 78447 | Vaults:3 | Found Qoss's Weapon Shoppe.
 78771 | Vaults:3 | Killed a golden dragon
 78844 | Vaults:3 | Found a staircase to the Crypt.
 78844 | Vaults:3 | Found an ancient bone altar of Kikubaaqudgha.
 78845 | Vaults:3 | Found a basalt altar of Yredelemnul.
 78925 | Vaults:3 | Found Yzugops's Antique Armour Shop.
 79335 | Vaults:3 | Found Zawkic's Food Emporium.
 79446 | Vaults:4 | Noticed Boris
 79448 | Vaults:4 | Killed Boris
 81390 | Depths:1 | Entered Level 1 of the Depths
 81587 | Depths:1 | Found Nyli's Gadget Shop.
 81587 | Depths:1 | Found Xutheisk's Jewellery Shoppe.
 81588 | Depths:1 | Found Ethaif Ybig's Jewellery Shoppe.
 81599 | Depths:1 | Bought the amulet "Bacsonot" {rN+ Regen+} for 535 gold
                  | pieces
 82045 | Depths:1 | Found a one-way gate leading to the halls of Pandemonium.
 82118 | Depths:1 | Reached XP level 24. HP: 129/160 MP: 32/32
 82285 | Depths:1 | Found a portal to a secret trove of treasure.
 82359 | Depths:1 | Noticed Boris
 83266 | Depths:1 | Killed Boris
 83375 | Depths:1 | Found a gateway to Hell.
 83743 | Depths:2 | Found a sparkling altar of Nemelex Xobeh.
 84013 | Depths:1 | Reached skill level 10 in Translocations
 84122 | Depths:1 | Reached skill level 21 in Dodging
 84271 | Depths:2 | Noticed Boris
 84290 | Depths:2 | Killed Boris
 84625 | Depths:2 | Noticed Saint Roka
 85590 | Depths:2 | Found a runed translucent door.
 85752 | Depths:2 | Killed Saint Roka
 86214 | Depths:2 | Noticed an ancient lich
 86226 | Depths:2 | Killed an ancient lich
 86261 | Depths:2 | Identified Amun Xae's Incunabulum of Lucky Dark Rituals
 86954 | Depths:3 | Paralysed by a vampire knight for 3 turns
 86972 | Depths:3 | Paralysed by a vampire knight for 2 turns
 86996 | Depths:3 | Reached XP level 25. HP: 105/168 MP: 32/32
 87327 | Depths:3 | Found a runed translucent door.
 89470 | Depths:3 | Noticed Bai Suzhen
 89675 | Depths:3 | Killed Bai Suzhen
 89776 | Depths:3 | Reached skill level 22 in Dodging
 89976 | Depths:3 | Killed from afar by a fire giant

Skill      XL: |  1  2  3  4  5  6  7  8  9 10 11 12 13 14 15 16 17 18 19 20 21 22 23 24 25 |
---------------+----------------------------------------------------------------------------+-----
Dodging        | 4 5 6 8 9 11 12 13 14 15 16 17 18 19 20 21 22 | 22.0
Armour         | 1 2 3 5 6 7 8 9 10 11 12 | 12.0
Short Blades   | 5 6 7 8 10 11 12 13 14 | 14.0
Stealth        | 1 2 3 4 5 6 8 10 12 13 15 16 | 16.0
Fighting       | 3 4 5 7 8 10 11 12 13 14 15 16 17 18 19 20 | 20.4
Spellcasting   | 1 2 3 4 5 6 |  6.0
Shields        | 1 3 4 |  4.0
Invocations    | 1 5 6 |  6.0
Throwing       | 4 |  4.3
Crossbows      | 3 5 7 9 10 12 13 14 15 16 17 18 19 | 19.3
Charms         | 4 5 6 |  6.0
Necromancy     | 3 5 7 9 10 | 10.6
Translocations | 3 6 7 9 11 12 | 12.2

Action                   |  1- 3 |  4- 6 |  7- 9 | 10-12 | 13-15 | 16-18 | 19-21 | 22-24 | 25-27 || total
-------------------------+-------+-------+-------+-------+-------+-------+-------+-------+-------++-------
Melee: Rapier            |    48 |       |     1 |       |   754 |   382 |       |    69 |     8 ||  1262
       Dagger            |    61 |   177 |   690 |  1102 |  2358 |  1837 |  3271 |  2166 |   501 || 12163
 Fire: Blowgun           |       |     1 |     4 |     7 |       |       |       |       |       ||    12
       Hand crossbow     |       |       |       |     5 |   263 |   434 |   344 |   204 |   124 ||  1374
Throw: Throwing net      |       |       |       |     3 |     2 |       |       |       |       ||     5
 Cast: Swiftness         |       |       |       |     1 |     2 |       |       |     5 |     1 ||     9
       Blink             |       |       |       |       |       |       |     9 |       |       ||     9
       Regeneration      |       |       |       |       |       |       |     2 |       |       ||     2
       Animate Skeleton  |       |       |       |       |       |       |    49 |   107 |    21 ||   177
       Apportation       |       |       |       |       |       |       |       |     2 |       ||     2
       Portal Projectile |       |       |       |       |       |       |       |     2 |     3 ||     5
Invok: Shadow Step       |       |       |       |     1 |     3 |     9 |     5 |    12 |     1 ||    31
       Shadow Form       |       |       |       |       |       |       |     2 |     2 |       ||     4
Evoke: Wand              |       |       |       |     8 |    10 |     2 |     7 |     2 |       ||    29
       Box of beasts     |       |       |       |       |     1 |       |       |       |       ||     1
  Use: Scroll            |     6 |     2 |     8 |    18 |     7 |    11 |    10 |     9 |       ||    71
       Potion            |       |       |     3 |     1 |       |     3 |     3 |    11 |       ||    21
 Stab: Sleeping          |     1 |     3 |    10 |    20 |    32 |    40 |    68 |    79 |     5 ||   258
       Held in net/web   |       |       |       |     2 |     2 |       |       |       |       ||     4
       Distracted        |       |       |       |     6 |     8 |     7 |    20 |    42 |    15 ||    98
       Fleeing           |       |       |       |       |       |       |     2 |       |       ||     2
  Eat: Chunk             |    10 |     9 |    19 |    35 |    54 |    37 |    51 |    54 |    10 ||   279
       Ration            |       |       |       |       |       |     5 |       |       |       ||     5
Armor: Leather armour    |    13 |    24 |   111 |    84 |   110 |       |       |       |       ||   342
       Pearl dragon scal |       |       |       |       |   258 |   323 |   505 |   318 |    69 ||  1473
Dodge: Dodged            |    73 |   125 |   415 |   768 |  2191 |  1563 |  2590 |  1726 |   422 ||  9873
Block: Buckler           |       |       |    72 |   245 |   723 |   442 |   747 |   550 |   115 ||  2894
